 Dungeon Crawl Stone Soup version 0.22.1-1-ga44c0e56f4 (webtiles) character file.

426 c00lDude2005 the Sneak (level 7, -3/34 HPs)
             Began as a Kobold Enchanter on Oct 10, 2018.
             Was an Initiate of Sif Muna.
             Shot with an arrow by a centaur (6 damage)
             ... on level 5 of the Dungeon.
             The game lasted 00:19:07 (4740 turns).

c00lDude2005 the Sneak (Kobold Enchanter)           Turns: 4740, Time: 00:19:08

Health: -3/34      AC:  6    Str:  4 (5)  XL:     7   Next: 18%
Magic:  5/11       EV: 16    Int: 18      God:    Sif Muna [......]
Gold:   196        SH:  0    Dex: 16      Spells: 6/12 levels left

rFire    + . .     SeeInvis .   j - +3 dagger (drain)
rCold    + . .     Gourm    .   (shield restricted)
rNeg     . . .     Faith    .   b - +1 robe
rPois    .         Spirit   .   (no helmet)
rElec    .         Reflect  .   q - scarf {rC+ rF+}
rCorr    .         Harm     .   m - +1 pair of gloves
MR       .....     Clarity  +   (no boots)
Stlth    +++.......             n - amulet of regeneration
HPRegen  0.51/turn              (no ring)
MPRegen  0.12/turn              (no ring)

@: no status effects
A: small, carnivore, clarity, frail 1, shaggy fur 1, sturdy frame 1
a: Renounce Religion


You were on level 5 of the Dungeon.
You worshipped Sif Muna.
Sif Muna was noncommittal.
You were very full.

You visited 2 branches of the dungeon, and saw 6 of its levels.

You collected 196 gold pieces.

Inventory:

Hand Weapons
 a - a +1 dagger
 j - a +3 dagger of draining (weapon)
 l - a cursed -3 great mace
Armour
 b - a +1 robe (worn)
 m - a +1 pair of gloves (worn)
 q - a scarf of resistance (worn)
Magical Staves
 h - an uncursed staff of earth {unknown}
Jewellery
 n - an amulet of regeneration (around neck)
Wands
 o - a wand of paralysis (8)
Scrolls
 c - 2 scrolls of identify
 g - 5 scrolls of remove curse
 k - a scroll of enchant weapon
Potions
 e - a potion of cancellation
 f - a potion of flight
Comestibles
 d - 6 rations


   Skills:
 + Level 1.3 Fighting
 + Level 4.1 Short Blades
 + Level 3.6 Dodging
 + Level 6.3 Stealth
 + Level 3.1 Spellcasting
 + Level 4.1 Hexes
 + Level 1.9 Ice Magic


You had 6 spell levels left.
You knew the following spells:

 Your Spells              Type           Power        Failure   Level  Hunger
a - Corona                Hex            ###....      3%          1    None
b - Ensorcelled Hibernat  Hex/Ice        ##....       7%          2    ##.....
c - Confuse               Hex            ###.....     9%          3    ###....

Your spell library contained the following spells:

 Spells                   Type           Power        Failure   Level  Hunger
 Slow                     Hex            ###.....     4%          2    ##.....
 Tukima's Dance           Hex            ###.....     9%          3    ###....
 Magic Dart               Conj           #...         16%         1    None
 Dazzling Spray           Conj/Hex       ##....       21%         3    ###....
 Blink                    Tloc           N/A          24%         2    ##.....
 Call Imp                 Summ           #.......     24%         2    ##.....
 Conjure Flame            Conj/Fire      #.......     43%         3    ###....
 Mephitic Cloud           Conj/Pois/Air  #.......     43%         3    ###....


Dungeon Overview and Level Annotations

Branches:
Dungeon (5/15)             Temple (1/1) D:4

Altars:
Ashenzari
Dithmenos
Elyvilon
Fedhas
Hepliaklqana
Makhleb
Sif Muna
Uskayaw
Xom
Yredelemnul


Innate Abilities, Weirdness & Mutations

You are small and have problems with some larger weapons.
You are carnivorous and can eat meat at any time.
You possess an exceptional clarity of mind.
You are frail. (-10% HP)
You are covered in fur. (AC +1)
Your movements are slightly less encumbered by armour. (ER -2)


Message History

Aim: an ogre, wielding a giant club (chance to defeat MR: 44%)
The ogre resists with some effort.
The centaur shoots an arrow.
The arrow hits you.
Casting: Ensorcelled Hibernation (safe; 7% risk of failure)
Confirm with . or Enter, or press ? or * to list all spells.
Aiming: Ensorcelled Hibernation (safe; 7% risk of failure)
Press: ? - help, Shift-Dir - straight line, f/p - ogre
Aim: an ogre, wielding a giant club (chance to defeat MR: 44%)
The ogre resists with some effort.
The centaur shoots an arrow.
The arrow hits you! The ogre hits you with a giant club!
* * * LOW HITPOINT WARNING * * *
It was a potion of curing.
You feel better.
The centaur shoots an arrow.
The arrow hits you!
* * * LOW HITPOINT WARNING * * *
A jelly comes into view.
Okay, then.
The centaur shoots an arrow.
The arrow barely misses you.
The centaur shoots an arrow.
The arrow barely misses you.
The centaur shoots an arrow.
The arrow hits you.
You die...

#.#....J#.#..#
#.....#..%...#
#.#.#......c.#
.....#.#(..#
#.#.......#
#.........#
#.#.#O....#
#.........#
##..@##.(.#
#(..##...######
#........##...##
#......^.+.....#
#...##...##....#
#...##<..##...#
#...#....##...##..
######........<....
######........


You could see an ogre and a centaur.

Vanquished Creatures
  An ogre (D:4)
  A scorpion (D:3)
  A hound (D:4)
  A bullfrog skeleton (D:4)
  An orc priest (D:4)
  2 orc wizards (D:4)
  4 adders
  An ooze (D:1)
  2 worms
  2 dart slugs
  3 leopard geckos
  8 orcs (D:4)
  4 giant cockroaches
  7 goblins
  3 hobgoblins
  12 jackals
  7 bats
  9 frilled lizards
  9 kobolds
  12 rats
90 creatures vanquished.

Notes
Turn   | Place    | Note
-------+----------+-------------------------------------------
     0 | D:1      | c00lDude2005 the Kobold Enchanter began the quest for the
                  | Orb.
     0 | D:1      | Reached XP level 1. HP: 10/10 MP: 3/3
   582 | D:1      | Reached XP level 2. HP: 9/15 MP: 3/5
   586 | D:1      | Learned a level 2 spell: Ensorcelled Hibernation
   970 | D:1      | Reached XP level 3. HP: 16/19 MP: 0/6
  1754 | D:2      | Reached XP level 4. HP: 24/24 MP: 2/7
  1772 | D:2      | Found a blossoming altar of Fedhas.
  2373 | D:3      | Found a shadowy altar of Dithmenos.
  2386 | D:3      | Reached skill level 5 in Stealth
  2597 | D:3      | Learned a level 3 spell: Confuse
  2698 | D:3      | Reached XP level 5. HP: 8/28 MP: 5/8
  2705 | D:3      | Gained mutation: You are frail. (-10% HP) [potion of
                  | mutation]
  2705 | D:3      | Gained mutation: Your movements are slightly less
                  | encumbered by armour. (ER -2) [potion of mutation]
  2705 | D:3      | Gained mutation: You possess an exceptional clarity of
                  | mind. [potion of mutation]
  2705 | D:3      | Gained mutation: You are covered in fur. (AC +1) [potion of
                  | mutation]
  3537 | D:4      | Reached skill level 1 in Fighting
  3704 | D:4      | Reached XP level 6. HP: 25/30 MP: 8/10
  3720 | D:4      | Found a staircase to the Ecumenical Temple.
  3754 | Temple   | Entered the Ecumenical Temple
  3828 | Temple   | Became a worshipper of Sif Muna the Loreminder
  3899 | D:4      | Reached skill level 1 in Ice Magic
  4071 | D:4      | Reached skill level 6 in Stealth
  4188 | D:4      | Noticed an ogre
  4195 | D:4      | Killed an ogre
  4195 | D:4      | Reached XP level 7. HP: 34/34 MP: 11/11
  4705 | D:5      | Entered Level 5 of the Dungeon
  4734 | D:5      | HP: 1/34 [ogre/giant club (15)]
  4740 | D:5      | Shot with an arrow by a centaur

Skill      XL: |  1  2  3  4  5  6 |
---------------+-------------------+-----
Dodging        | 3 |  3.6
Short Blades   | 2 3 4 |  4.1
Stealth        | 5 6 |  6.3
Fighting       | 1 |  1.3
Ice Magic      | 1 |  1.9
Spellcasting   | 3 |  3.1
Hexes          | 4 |  4.1

Action                   |  1- 3 |  4- 6 |  7- 9 || total
-------------------------+-------+-------+-------++-------
Melee: Dagger            |    94 |   125 |    23 ||   242
 Cast: Corona            |     6 |       |       ||     6
       Ensorcelled Hiber |     9 |    27 |     6 ||    42
  Use: Scroll            |     4 |     4 |       ||     8
       Potion            |       |     8 |     1 ||     9
 Stab: Sleeping          |    10 |    18 |     3 ||    31
  Eat: Chunk             |    10 |    11 |       ||    21
Armor: Robe              |    16 |    37 |     4 ||    57
Dodge: Dodged            |    94 |    98 |    17 ||   209
